 Dungeon Crawl Stone Soup version 0.30.1-4-g462c640d31 (webtiles) character file.

Game seed: 13164548702568937509

18891 croobank the Covert (level 12, -11/99 HPs)
             Began as a Demonspawn Delver on Aug 30, 2023.
             Was an Initiate of Gozag.
             Succumbed to a redback's poison
             ... on level 3 of the Lair of Beasts.
             The game lasted 01:01:14 (19480 turns).

croobank the Covert (Demonspawn Delver)            Turns: 19480, Time: 01:01:15

Health: -11/99     AC:  9    Str: 25    XL:     12   Next: 31%
Magic:  19/21      EV: 15    Int: 16    God:    Gozag
Gold:   1198       SH:  0    Dex: 15    Spells: 17/23 levels left

rFire   . . .        F - +4 short sword
rCold   . . .        (no shield)
rNeg    . . .        b - +1 leather armour
rPois   .            k - +2 helmet
rElec   .            (no cloak)
rCorr   .            (no gloves)
SInv    .            (no boots)
Will    .....        (no amulet)
Stlth   ++++         j - +6 ring of strength
HPRegen 0.36/turn    t - +6 ring of strength
MPRegen 0.34/turn

%: guardian spirit
@: lethally poisoned (-11 -> -115)
A: rugged brown scales 2, magic shield, magic regeneration, demonic touch 2
a: Renounce Religion, Potion Petition, Call Merchant, Bribe Branch


You were on level 3 of the Lair of Beasts.
You worshipped Gozag.
Gozag was most pleased with you.
You visited 3 branches of the dungeon, and saw 15 of its levels.
You also visited: Ossuary.

You collected 2000 gold pieces.
You spent 47 gold pieces at shops.
You paid 755 gold pieces to Gozag.

Inventory:

Hand Weapons
 a - a +3 halberd
 u - a +0 hand axe of flaming
 v - a +0 dagger of draining
 x - a +1 war axe of freezing
 D - a +5 flail
 E - a +3 long sword
 F - a +4 short sword (weapon)
 I - the +2 trident "Utochify" {drain, rCorr Dex+2}
   (You found it on level 7 of the Dungeon)

   Dex:       It affects your dexterity (+2).
   rCorr:     It protects you from acid and corrosion.
 L - a +4 scimitar
 Q - a +2 scimitar of flaming
Missiles
 o - 2 poisoned darts
 p - 11 boomerangs (quivered)
 z - 2 javelins
 H - 2 atropa-tipped darts
Armour
 b - a +1 leather armour (worn)
 k - a +2 helmet (worn)
Jewellery
 j - a +6 ring of strength (left hand)
 t - a +6 ring of strength (right hand)
 K - a ring of wizardry
 M - a ring of magical power
 O - a +6 ring of intelligence
Wands
 g - a wand of digging (6)
 n - a wand of flame (10)
 B - a wand of roots (3)
Scrolls
 d - a scroll of fear
 e - a scroll of immolation
 i - a scroll of enchant armour
 q - 4 scrolls of teleportation
 y - 5 scrolls of vulnerability
 A - a scroll of amnesia
 C - 4 scrolls of identify
 G - a scroll of magic mapping
Potions
 c - 3 potions of flight
 f - 2 potions of lignification
 h - 5 potions of brilliance
 l - 2 potions of attraction
 r - 4 potions of mutation
 s - a potion of cancellation
 w - 3 potions of might
 J - a potion of ambrosia
 P - 2 potions of invisibility
Miscellaneous
 m - a phial of floods


   Skills:
 + Level 9.2 Fighting
 + Level 8.2 Short Blades
 - Level 5.0 Polearms
 + Level 8.1 Dodging
 + Level 9.9 Stealth
 + Level 6.0 Spellcasting
 * Level 7.1 Summonings


You had 17 spell levels left.
You knew the following spells:

 Your Spells              Type           Power      Damage    Failure   Level
c - Call Canine Familiar  Summ           27%        N/A       2%          3
d - Summon Guardian Gole  Hex/Summ       16%        N/A       11%         3

Your spell library contained the following spells:

 Spells                   Type           Power      Damage    Failure   Level
 Summon Small Mammal      Summ           100%       N/A       1%          1
 Apportation              Tloc           8%         N/A       16%         1
 Necrotise                Necr           16%        1d4       16%         1
 Sandblast                Erth           8%         2d5       16%         1
 Slow                     Hex            16%        N/A       16%         1
 Lesser Beckoning         Tloc           8%         N/A       24%         2
 Passwall                 Tmut/Erth      3%         N/A       24%         2
 Scorch                   Fire           8%         2d5       24%         2
 Confusing Touch          Hex            4%         N/A       43%         3
 Dazzling Flash           Conj/Hex       8%         N/A       43%         3
 Gell's Gravitas          Tloc           4%         N/A       43%         3
 Ignite Poison            Fire/Tmut/Pois 4%         N/A       43%         3
 Inner Flame              Hex/Fire       4%         N/A       43%         3
 Stone Arrow              Conj/Erth      8%         3d7       43%         3
 Teleport Other           Tloc           4%         N/A       43%         3
 Vampiric Draining        Necr           4%         2d6       43%         3
 Summon Cactus Giant      Summ           13%        N/A       78%         6
 Flame Wave               Conj/Fire      4%         2d5       83%         4
 Sticky Flame             Conj/Fire      4%         2d3       83%         4
 Agony                    Necr           4%         N/A       99%         5
 Silence                  Hex/Air        2%         N/A       99%         5
 Ignition                 Fire           2%         3d3       100%        8


Dungeon Overview and Level Annotations

Branches:
Dungeon (11/15)            Temple (1/1) D:6            Lair (3/5) D:8
 Shoals (0/4) Lair:2       Spider (0/4) Lair:3      Ossuary (visited)
    Orc: D:9-12

Altars:
Ashenzari
Cheibriados
Dithmenos
Fedhas
Gozag
Hepliaklqana
Kikubaaqudgha
Makhleb
Nemelex Xobeh
Okawaru
Qazlal
Ru
Sif Muna
Trog
Uskayaw
Vehumet
Wu Jian
Xom
Yredelemnul

Shops:
D:2 ?   D:11 *

Annotations:
D:10 2 runed translucent doors, gdog's ghost, journeyman GnDe
Lair:1 1 runed translucent door, Wiggles's ghost, journeyman MiBe


Innate Abilities, Weirdness & Mutations

You are mostly covered in rugged brown scales. (AC +2, +5% HP)
When hurt, damage is shared between your health and your magic reserves.
You regenerate magic rapidly.
Your touch may inflict irresistible damage on your foes.


Message History

You feel very sick. The redback bites you! The redback barely misses you.
You hit the redback but do no damage.
You touch the redback!
The redback is severely wounded.
You feel very sick. The redback barely misses you. The redback bites you.
You are lethally poisoned!
The redback poisons you!
You are confused.
You feel invigorated.
You feel extremely sick. The redback bites you.
The redback bites you but does no damage.
You feel extremely sick. The redback misses you.
The redback closely misses you. The redback bites you.
You are more poisoned.
The redback poisons you!
The redback bites you but does no damage.
* * * LOW HITPOINT WARNING * * *
You feel extremely sick. The redback misses you. The redback barely misses you.
* * * LOW HITPOINT WARNING * * *
You feel extremely sick. The redback closely misses you.
The redback bites you but does no damage.
The redback bites you.
* * * LOW HITPOINT WARNING * * *
The redback bites you!
* * * LOW HITPOINT WARNING * * *
You are more poisoned.
The redback poisons you!
Okay, then.
Okay, then.
Okay, then.
Okay, then.
Your magical effects are unravelling.
You feel magically purged.
You feel less invigorated.
You feel less confused.
You die...
Your body crumbles into a pile of gold.

##~#~.#..............
###.~~~................
#..~~≈~~~~~............
##.~≈≈≈≈≈~~.............
#~~~≈≈≈~~≈≈~~...........
.#~~≈≈~.~≈≈~~...........
...~≈≈~<.≈≈~~...........
...~≈~..~≈≈~~...s.......
..~~~≈~~≈≈≈~...@s9......
...~~~~≈≈≈~~....##......
.....~~~~~~~...#^ #...^.
.....~.~.~....##^^ ^....
..............# ^.. ....
..............# ^... #^.
..... ..^^^ #^ .....
.#^>^^


You could see 2 redbacks and a friendly guardian golem (summoned, inner flame).

Vanquished Creatures
  Erica (D:11)
  Amaemon (D:10)
  A wolf spider (Lair:2)
  A cyclops (D:11)
  A manticore (D:9)
  A merfolk siren (Lair:2)
  Maurice (D:10)
  2 cane toads (Lair:1)
  Grinder (D:5)
  11 blink frogs
  A hornet (D:8)
  Sigmund (D:2)
  2 wyverns
  4 yaks
  A steam dragon (D:4)
  An orc warrior (D:8)
  3 black bears
  4 centaurs
  2 ogres
  3 bullfrogs
  A kobold brigand (D:8)
  6 scorpions
  A gnoll sergeant (D:6)
  A wyvern zombie (Ossuary)
  A water moccasin zombie (Ossuary)
  A necrophage (D:7)
  12 wights
  Dowan (D:7)
  10 killer bees (D:9)
  2 electric eels (D:7)
  8 bullfrog zombies (Ossuary)
  4 howler monkeys
  4 centaur zombies (Ossuary)
  5 hounds
  2 gnoll boudas
  5 orc priests
  5 jellies
  A sleepcap (D:5)
  Natasha (thrice) (D:3)
  A hell rat (Lair:2)
  2 iguanas
  5 orc wizards
  A killer bee zombie (Ossuary)
  A hound skeleton (D:7)
  18 mummies (Ossuary)
  2 howler monkey zombies (Ossuary)
  16 gnolls
  6 adders
  2 shadow imps
  2 nameless horrors
  3 ufetubi (D:5)
  3 worms
  2 dart slugs
  21 orcs
  11 endoplasms
  2 giant cockroaches
  12 goblins
  12 hobgoblins
  4 quokkas
  7 ball pythons
  5 bats
  2 frilled lizards
  10 kobolds
  7 rats
273 creatures vanquished.

Vanquished Creatures (collateral kills)
  An unseen horror (D:11)
  A vampire (D:8)
  A basilisk (Lair:2)
  Duvessa (D:7)
  An ogre (D:9)
  3 wights
  2 nameless horrors
  An iron imp (D:9)
  An orc (D:9)
12 creatures vanquished.

Vanquished Creatures (others)
  A two-headed ogre (D:10)
  A necromancer (D:10)
  A wolf spider (Lair:2)
  An ugly thing (D:11)
  2 gargoyles (D:11)
  An orange demon (D:10)
  A cane toad (Lair:1)
  Prince Ribbit (Lair:1)
  5 blink frogs
  3 yaks (D:9)
  A wraith (D:11)
  A basilisk (Lair:1)
  4 water moccasins
  An orc warrior (D:9)
  6 wolves (Lair:2)
  10 wights
  2 orc wizards (D:9)
  6 hell rats (Lair:2)
  An orc (D:9)
49 creatures vanquished.

Grand Total: 334 creatures vanquished

Notes
Turn   | Place    | Note
-------+----------+-------------------------------------------
     0 | D:5      | croobank the Demonspawn Delver began the quest for the Orb.
     0 | D:5      | Reached XP level 1. HP: 18/18 MP: 1/1
    68 | D:6      | Found a staircase to the Ecumenical Temple.
    71 | D:6      | Noticed an ogre
   106 | D:5      | Gained mutation: You are partially covered in rugged brown
                  | scales. (AC +1, +3% HP) [demonic ancestry]
   106 | D:5      | Reached XP level 2. HP: 14/24 MP: 2/2
   160 | D:4      | Noticed a black bear
   517 | D:1      | Gained mutation: Your touch may inflict minor irresistible
                  | damage on your foes. [demonic ancestry]
   517 | D:1      | Reached XP level 3. HP: 29/29 MP: 3/3
  1570 | D:2      | Found Murur's Magic Scroll Shop.
  1573 | D:2      | Bought a scroll of identify for 26 gold pieces
  1597 | D:2      | Noticed Sigmund
  1619 | D:2      | Gained mutation: You regenerate magic rapidly. [demonic
                  | ancestry]
  1619 | D:2      | Reached XP level 4. HP: 30/36 MP: 4/4
  1628 | D:2      | Killed Sigmund
  1629 | D:2      | Reached skill level 5 in Stealth
  1629 | D:2      | Gained mutation: You are mostly covered in rugged brown
                  | scales. (AC +2, +5% HP) [demonic ancestry]
  1629 | D:2      | Reached XP level 5. HP: 20/44 MP: 5/5
  1758 | D:2      | Found a faded altar of an unknown god.
  1871 | D:3      | Noticed Natasha
  1878 | D:3      | Killed Natasha
  1888 | D:3      | Reached XP level 6. HP: 46/50 MP: 6/6
  1996 | D:3      | Noticed Natasha
  2012 | D:3      | Killed Natasha
  2308 | D:3      | Noticed Natasha
  2317 | D:3      | Killed Natasha
  2947 | D:4      | Gained mutation: Your touch may inflict irresistible damage
                  | on your foes. [demonic ancestry]
  2947 | D:4      | Reached XP level 7. HP: 57/57 MP: 7/7
  2979 | D:4      | Noticed a steam dragon
  2984 | D:4      | Killed a steam dragon
  3185 | D:4      | Reached skill level 5 in Fighting
  3869 | D:5      | Reached XP level 8. HP: 52/66 MP: 8/8
  4034 | D:5      | Noticed Grinder
  4047 | D:5      | Paralysed by Grinder for 3 turns
  4053 | D:5      | Killed Grinder
  4122 | D:5      | Found a sacrificial altar of Ru.
  4265 | D:5      | Reached skill level 5 in Short Blades
  4265 | D:5      | Reached skill level 5 in Dodging
  4789 | D:5      | Reached skill level 1 in Summonings
  4952 | D:6      | Reached skill level 1 in Spellcasting
  5159 | D:6      | Gained mutation: When hurt, damage is shared between your
                  | health and your magic reserves. [demonic ancestry]
  5159 | D:6      | Reached XP level 9. HP: 68/74 MP: 11/11
  5196 | Temple   | Entered the Ecumenical Temple
  5289 | Temple   | Became a worshipper of Gozag Ym Sagoz the Greedy
  5587 | D:6      | Found a stormy altar of Qazlal.
  5851 | D:6      | Found a shimmering altar of Xom.
  5853 | D:6      | Found an ornate altar of the Wu Jian Council.
  5853 | D:6      | Found an ornate altar of the Wu Jian Council.
  5855 | D:6      | Found a blossoming altar of Fedhas.
  5855 | D:6      | Found an ancient bone altar of Kikubaaqudgha.
  5949 | D:7      | Identified the +2 trident "Utochify" {drain, rCorr Dex+2}
  6439 | D:7      | Noticed Dowan
  6440 | D:7      | Noticed Duvessa
  6447 | D:7      | Learned a level 3 spell: Call Canine Familiar
  6463 | D:7      | Killed Dowan
  6475 | D:7      | Killed Duvessa
  6739 | D:7      | Found a burning altar of Makhleb.
  7352 | D:7      | Learned a level 3 spell: Summon Guardian Golem
  8265 | D:8      | Found a staircase to the Lair.
  8439 | D:8      | Found a sand-covered staircase.
  8453 | Ossuary  | Entered an ossuary
  8769 | Ossuary  | Reached XP level 10. HP: 69/82 MP: 12/14
  9948 | D:8      | HP: 4/82 [something (4)]
  9949 | D:8      | HP: 1/82 [something (3)]
 10174 | D:9      | Reached skill level 1 in Polearms
 10465 | D:9      | Found an iron altar of Okawaru.
 11172 | D:9      | Found a snail-covered altar of Cheibriados.
 11366 | D:9      | Found a basalt altar of Yredelemnul.
 11371 | D:9      | Noticed a manticore
 11378 | D:9      | Killed a manticore
 11996 | D:8      | Found a hide-covered altar of Uskayaw.
 12352 | D:10     | Entered Level 10 of the Dungeon
 12388 | D:10     | Found a runed translucent door.
 12404 | D:10     | Found a runed translucent door.
 12406 | D:10     | Noticed a fire dragon
 12406 | D:10     | Noticed a necromancer
 12406 | D:10     | Noticed a skeletal warrior
 12408 | D:10     | Noticed a lich
 12408 | D:10     | Noticed a skeletal warrior
 12408 | D:10     | Noticed a skeletal warrior
 12408 | D:10     | Noticed a stone giant
 12408 | D:10     | Noticed gdog's ghost (journeyman GnDe)
 12418 | D:10     | Noticed Maurice
 12471 | D:10     | Killed Maurice
 13076 | D:10     | Noticed Amaemon
 13080 | D:10     | Noticed an orange demon
 13101 | D:10     | Killed Amaemon
 13102 | D:10     | Reached skill level 5 in Summonings
 13102 | D:10     | Reached XP level 11. HP: 44/90 MP: 3/17
 13255 | D:10     | Killed a necromancer
 13623 | D:10     | Noticed a two-headed ogre
 13645 | D:10     | Killed a two-headed ogre
 14041 | D:11     | Noticed a white ugly thing
 14061 | D:11     | Killed a white ugly thing
 14468 | D:11     | Noticed Erica
 14473 | D:11     | Bought 2 atropa-tipped darts for 21 gold pieces
 14485 | D:11     | Killed Erica
 14563 | D:11     | Reached skill level 5 in Spellcasting
 14615 | D:11     | Reached skill level 5 in Polearms
 14966 | Lair:1   | Entered Level 1 of the Lair of Beasts
 15785 | Lair:1   | Noticed Prince Ribbit
 15808 | Lair:1   | Killed Prince Ribbit
 16870 | Lair:1   | Found a runed translucent door.
 16873 | Lair:1   | Identified the +5 spear "Lavutap" {heavy, rF+ Str+2}
 16879 | Lair:1   | Noticed Wiggles's ghost (journeyman MiBe)
 17301 | Lair:2   | Reached XP level 12. HP: 98/98 MP: 20/20
 19346 | Lair:2   | Found a staircase to the Shoals.
 19470 | Lair:3   | Found a hole to the Spider Nest.
 19480 | Lair:3   | Succumbed to a redback's poison

Illustrated notes

Levels and vault maps discovered:
D:1:      elethiomel_arrival_maze, layout_loops_ring
D:2:      layout_rooms, hellmonk_ecumenical_altar_defaced_shrine, serial_shops,
          nicolae_shop_window_shopping, uniq_sigmund
D:3:      layout_loops_cross, overflow_temple_1_default, serial_forest,
          infiniplex_forest_clump_curved, infiniplex_forest_end_2,
          infiniplex_forest_straight_2, infiniplex_forest_lined_1,
          infiniplex_forest_lined_corner, chequers_serial_rivers_large_a,
          uniq_natasha
D:4:      layout_rooms, minmay_goblin_outpost
D:5:      layout_loops_ring, hangedman_ru_absence,
          chequers_serial_rivers_small_b, nrook_mini_vaults, uniq_grinder
D:6:      layout_rooms, doesnt_xom_only_xom, grunt_qazlal_sundering,
          minmay_temple_entry_statues_pillars, grunt_ministairs_9,
          minmay_misc_feat_more_columns, chequers_serial_rivers_room_b
D:7:      nicolae_cairo_tiling_very_big, layout_loops_corners,
          makhleb_blood_cavern_becter, serial_bayou, serial_bayou_shore_b,
          serial_bayou_shore_a, serial_bayou_ford_a, serial_bayou_lagoon_a,
          uniq_duvessa
D:8:      layout_basic, kennysheep_mini, marbit_many_paths, lair_entry_dummy,
          enter_ossuary_1, due_unseen_surprise
D:9:      layout_loops_ring, chei_slow_surprise, lemuel_tele_altar,
          mainiacjoe_overflow_small_starburst
D:10:     layout_irregular_city, muffindrake_ghost_dual_entry,
          minmay_misc_feat_nine_boxes, uniq_amaemon, uniq_maurice
D:11:     layout_roguey, uniq_erica
Temple:   hellmonk_temple_forest_ring
Lair:1:   layout_chaotic_city, ebering_ghost_funeral_grove, uniq_prince_ribbit2
Lair:2:   layout_cave_pods, minmay_shoals_entry_lonely_mermaid,
          nicolae_lair_run_with_the_wolves, lemuel_fruit_tree,
          serial_bayou_shore_b
Lair:3:   layout_hall_layers, spider_nest_entry_webs, serial_bayou_shore_b,
          grunt_megastairs_1, infiniplex_staircase_pool_2, serial_bayou_shore_b

Skill      XL: |  1  2  3  4  5  6  7  8  9 10 11 12 |
---------------+-------------------------------------+-----
Short Blades   | 2 3 4 5 6 7 8 |  8.2
Dodging        | 2 3 4 5 6 7 8 |  8.1
Fighting       | 4 5 6 7 8 9 |  9.2
Stealth        | 5 6 7 8 9 |  9.9
Summonings     | 1 3 5 6 7 |  7.1
Spellcasting   | 1 3 4 5 6 |  6.0
Polearms       | 3 5 |  5.0

Action                     |  1- 3 |  4- 6 |  7- 9 | 10-12 || total
---------------------------+-------+-------+-------+-------++-------
  Melee: Short sword       |   134 |   131 |   368 |   224 ||   857
         Punch             |     3 |     4 |     8 |     6 ||    21
         Touch             |    11 |    32 |    83 |   103 ||   229
         Trident           |       |       |   112 |   121 ||   233
         Dagger            |       |       |       |   165 ||   165
  Throw: Dart              |       |     2 |    10 |       ||    12
         Javelin           |       |       |    14 |       ||    14
         Boomerang         |       |       |     3 |     3 ||     6
   Cast: Call Canine Famil |       |       |    14 |    59 ||    73
         Summon Guardian G |       |       |       |    56 ||    56
 Invoke: Potion Petition   |       |       |       |     1 ||     1
         Call Merchant     |       |       |       |     1 ||     1
  Evoke: Wand              |     1 |     1 |    17 |     7 ||    26
    Use: Scroll            |     6 |     4 |    13 |    13 ||    36
         Potion            |     1 |       |     1 |    21 ||    23
   Stab: Sleeping          |    10 |     7 |    10 |     7 ||    34
         Distracted        |       |       |     2 |     5 ||     7
 Armour: Leather armour    |    40 |    38 |   129 |   179 ||   386
  Dodge: Dodged            |    72 |    73 |   292 |   384 ||   821
